 Dungeon Crawl Stone Soup version 0.28-a0-796-gd4f0d3f9b2 (webtiles) character file.

Game seed: 4977824671796718416

137 nkrflw the Vexing (level 5, 0/31 HPs)
             Began as a Spriggan Enchanter on Nov 6, 2021.
             Succumbed to Ijyb's poison
             ... on level 3 of the Dungeon.
             The game lasted 00:04:13 (2660 turns).

nkrflw the Vexing (Spriggan Enchanter)              Turns: 2660, Time: 00:04:14

Health: 0/31       AC: 22    Str:  5    XL:     5   Next: 0%
Magic:  1/13       EV:  4    Int: 17    God:
Gold:   104        SH:  0    Dex: 15    Spells: 5/13 levels left

rFire   . . .      SeeInvis +   a - +2 dagger (venom)
rCold   . . .      Faith    .   (shield restricted)
rNeg    . . .      Spirit   .   (armour currently unavailable)
rPois   +          Reflect  .   (helmet currently unavailable)
rElec   .          Harm     .   (cloak currently unavailable)
rCorr   .          Rampage  .   (gloves unavailable)
Will    .....      NoTele   +   (boots unavailable)
Stlth   +++.......              (no amulet)
HPRegen 0.10/turn               (no ring)
MPRegen 0.13/turn               (no ring)

@: lethally poisoned (0 -> -2), tree-form
A: stationary, stasis, torment immunity, boosted hp, very small, no large
weapons, unfitting armour, see invisible, (speed 3), frail 1
a: no special abilities


You were on level 3 of the Dungeon.
You were a tree.
You visited 1 branch of the dungeon, and saw 3 of its levels.

You collected 104 gold pieces.

Inventory:

Hand Weapons
 a - a +2 dagger of venom (weapon)
 e - a +2 vampiric dagger
Armour
 b - a +1 robe (melded)
Potions
 c - 3 potions of invisibility
 d - a potion of haste


   Skills:
 - Level 1.1 Short Blades
 - Level 2.6 Dodging
 - Level 4.4 Stealth
 + Level 4.9 Spellcasting
 + Level 5.5 Hexes


You had 5 spell levels left.
You knew the following spells:

 Your Spells              Type           Power      Damage    Failure   Level
a - Ensorcelled Hibernat  Hex/Ice        26%        N/A       7%          2
b - Tukima's Dance        Hex            22%        N/A       4%          3
c - Dazzling Flash        Conj/Hex       26%        N/A       14%         3

Your spell library contained the following spells:

 Spells                   Type           Power      Damage    Failure   Level
 Confusing Touch          Hex            22%        N/A       4%          3
 Dispersal                Tloc           2%         N/A       100%        6
 Disjunction              Tloc           2%         N/A       100%        8


Dungeon Overview and Level Annotations

Branches:
Dungeon (3/15)

Altars:
Ashenzari


Innate Abilities, Weirdness & Mutations

You are a tree.
Your roots penetrate the ground, keeping you stationary.
You cannot be teleported.
You are immune to unholy pain and torment.
Your maximum health is greatly increased.
Your equipment is partially melded.
You are very small and have problems with some larger weapons.
You are too small for most types of armour.
You have supernaturally acute eyesight. (SInv)
((You cover ground extremely quickly. (Speed+++)))
You are frail. (-10% HP)


Message History

Ijyb hits you with a +3 dagger of venom.
You are lethally poisoned!
Unknown command.
You feel sick.
It was a potion of lignification.
You turn into a tree.
Your +1 robe melds into your body.
Your roots penetrate the ground.
* * * LOW HITPOINT WARNING * * *
You feel sick.
Unknown command.
Unknown command.
Unknown command.
You closely miss Ijyb.
Ijyb is almost dead.
You feel sick. Ijyb hits you but does no damage.
You closely miss Ijyb.
Ijyb is almost dead.
You feel sick.
Ijyb hits you with a +3 dagger of venom.
* * * LOW HITPOINT WARNING * * *
You barely miss Ijyb.
Ijyb is almost dead.
* * * LOW HITPOINT WARNING * * *
You feel sick.
You kill Ijyb!
You have reached level 5!
You feel clever.
Unknown command.
There is a lethal amount of poison in your body!
There is a lethal amount of poison in your body!
Unknown command.
* * * LOW HITPOINT WARNING * * *
You feel sick.
Unknown command.
* * * LOW HITPOINT WARNING * * *
You feel sick.
Okay, then.
Unknown command.
Unknown command.
Unknown command.
You die...

#.##.##.....# ##.
#.#.......##
##.####...^..>..# ###
#####.(.g...#.......#
...#####..(.).######.......#
..........##### ##.....##
...†.....## ####.....##
...##.#### ###....##### .. #
##.♣)#### . #####..###
##.....## #..##### ###.## #
#...# #.####.###
#.#....###.# #...#......#


There were no monsters in sight!

Vanquished Creatures
  Ijyb (D:3)
  An iguana (D:2)
  4 adders
  2 worms
  2 dart slugs
  5 bats
  5 endoplasms
  2 giant cockroaches
  A goblin (D:1)
  3 hobgoblins
  2 quokkas
  6 ball pythons
  2 frilled lizards
  A kobold (D:3)
  8 rats
45 creatures vanquished.

Notes
Turn   | Place    | Note
-------+----------+-------------------------------------------
     0 | D:1      | nkrflw the Spriggan Enchanter began the quest for the Orb.
     0 | D:1      | Reached XP level 1. HP: 9/9 MP: 5/5
   332 | D:1      | Reached skill level 4 in Hexes
   332 | D:1      | Reached XP level 2. HP: 13/13 MP: 7/7
   374 | D:1      | Learned a level 2 spell: Ensorcelled Hibernation
   862 | D:1      | Gained mutation: You are frail. (-10% HP) [potion of
                  | mutation]
  1206 | D:2      | Reached XP level 3. HP: 6/14 MP: 6/9
  1532 | D:2      | Learned a level 3 spell: Tukima's Dance
  1536 | D:2      | Learned a level 3 spell: Dazzling Flash
  1661 | D:2      | Found a broken altar of Ashenzari.
  1714 | D:2      | Reached skill level 5 in Hexes
  1714 | D:2      | Reached XP level 4. HP: 18/18 MP: 8/11
  2589 | D:3      | Noticed Ijyb
  2657 | D:3      | Killed Ijyb
  2658 | D:3      | Reached XP level 5. HP: 3/21 MP: 1/13
  2659 | D:3      | HP: 1/31 [poisoned by Ijyb]
  2660 | D:3      | Succumbed to Ijyb's poison

Illustrated notes

Levels and vault maps discovered:
D:1:      dpeg_arrival_ratfight, layout_basic, minmay_misc_feat_rugged
D:2:      layout_loops_ring, basic_altar
D:3:      layout_rooms, hellmonk_ecumenical_altar_watching_god, uniq_ijyb,
          uniq_robin, uniq_natasha

Skill      XL: |  1  2  3 |
---------------+----------+-----
Spellcasting   | 3 4 |  4.9
Hexes          | 4 5 |  5.5
Short Blades   | |  1.1
Dodging        | |  2.6
Stealth        | |  4.4

Action                   |  1- 3 |  4- 6 || total
-------------------------+-------+-------++-------
Melee: Dagger            |    60 |    35 ||    95
Throw: Dart              |       |     2 ||     2
 Cast: Ensorcelled Hiber |     4 |     9 ||    13
       Tukima's Dance    |       |     1 ||     1
  Use: Scroll            |     7 |       ||     7
       Potion            |     1 |     2 ||     3
 Stab: Sleeping          |     9 |     5 ||    14
Armor: Robe              |     9 |     1 ||    10
       Skin              |       |     1 ||     1
Dodge: Dodged            |    31 |    25 ||    56

Table legend: (Time is in decaauts)
 A = Elapsed time spent in this place.
 B = Non-inter-level travel time spent in this place.
 C = Inter-level travel time spent in this place.
 D = Time resting spent in this place.
 E = Time spent auto-exploring this place.
 F = Levels seen in this place.
 G = Mean time per level.
                   A        B        C        D        E       F      G
               +--------+--------+--------+--------+--------+-----+--------+
         Total |   1956 |   1921 |     35 |    187 |   1435 |   3 |  652.0 |
       Dungeon |   1956 |   1921 |     35 |    187 |   1435 |   3 |  652.0 |
               +--------+--------+--------+--------+--------+-----+--------+

Top non-repeatable levels by time:
     D:2: 769 daAuts
     D:1: 764 daAuts
     D:3: 421 daAuts
